 Dungeon Crawl Stone Soup version 0.29-a0-885-gb26ba3297d (webtiles) character file.

Game seed: 2384155300098546948

85 jimonade the Magician (level 4, -1/32 HPs)
             Began as a Gnoll Hedge Wizard on July 21, 2022.
             Slain by Ijyb
             ... wielding a +4 club
              (2 damage)
             ... on level 3 of the Dungeon.
             The game lasted 00:04:09 (2551 turns).

jimonade the Magician (Gnoll Hedge Wizard)          Turns: 2551, Time: 00:04:10

Health: -1/32      AC:  6    Str: 12    XL:     4   Next: 48%
Magic:  3/13       EV: 12    Int: 13    God:
Gold:   68         SH:  0    Dex: 11    Spells: 16/17 levels left

rFire   . . .      SeeInvis .   a - +2 dagger (speed)
rCold   . . .      Faith    .   (no shield)
rNeg    . . .      Spirit   .   f - +0 leather armour
rPois   .          Reflect  .   p - +2 hat
rElec   .          Harm     .   (no cloak)
rCorr   .          Rampage  .   c - +0 pair of gloves
Will    .....                   (no boots)
Stlth   ++........              (no amulet)
HPRegen 0.10/turn               e - ring of wizardry
MPRegen 0.13/turn               (no ring)

@: no status effects
A: fangs 1, strong nose, distributed training
a: no special abilities


You were on level 3 of the Dungeon.
You visited 1 branch of the dungeon, and saw 3 of its levels.

You collected 68 gold pieces.

Inventory:

Hand Weapons
 a - a +2 dagger of speed (weapon)
 b - a +0 sling
 l - a +0 long sword
 o - a +0 dagger
Armour
 c - a +0 pair of gloves (worn)
 f - a +0 leather armour (worn)
 m - a +0 robe
 p - a +2 hat (worn)
Jewellery
 e - a ring of wizardry (left hand)
Scrolls
 g - a scroll of magic mapping {unknown}
 h - a scroll of teleportation {unknown}
 i - a scroll of immolation {unknown}
 k - a scroll of vulnerability {unknown}
Potions
 d - a potion of magic
 j - a potion of degeneration {unknown}
 n - 3 potions of haste {unknown}


   Skills:
 + Level 1.2 Fighting
 + Level 1.2 Short Blades
 + Level 1.2 Long Blades
 + Level 1.2 Axes
 + Level 1.2 Maces & Flails
 + Level 1.2 Polearms
 + Level 1.2 Staves
 + Level 1.2 Ranged Weapons
 + Level 1.2 Throwing
 + Level 1.2 Armour
 + Level 4.6 Dodging
 + Level 4.3 Stealth
 + Level 1.2 Shields
 + Level 1.2 Unarmed Combat
 + Level 7.2 Spellcasting
 + Level 2.2 Conjurations
 + Level 1.0 Hexes
 + Level 2.2 Summonings
 + Level 1.0 Necromancy
 + Level 2.2 Translocations
 + Level 1.0 Transmutations
 + Level 1.0 Fire Magic
 + Level 1.0 Ice Magic
 + Level 1.0 Air Magic
 + Level 1.0 Earth Magic
 + Level 1.0 Poison Magic
 + Level 1.3 Invocations
 + Level 1.2 Evocations


You had 16 spell levels left.
You knew the following spells:

 Your Spells              Type           Power      Damage    Failure   Level
a - Magic Dart            Conj           40%        1d5       3%          1

Your spell library contained the following spells:

 Spells                   Type           Power      Damage    Failure   Level
 Blink                    Tloc           20%        N/A       4%          2
 Call Imp                 Summ           10%        N/A       4%          2
 Freeze                   Ice            28%        1d5       5%          1
 Slow                     Hex            28%        N/A       5%          1
 Conjure Flame            Conj/Fire      8%         6-21      12%         3
 Mephitic Cloud           Conj/Pois/Air  8%         N/A       13%         3
 Frozen Ramparts          Ice            14%        1d3       16%         3
 Hailstorm                Conj/Ice       8%         3d4       34%         4


Dungeon Overview and Level Annotations

Branches:
Dungeon (3/15)

Altars:

Annotations:
D:3 Ijyb


Innate Abilities, Weirdness & Mutations

You have very sharp teeth.
Your uncanny sense of smell can sniff out nearby items.
Your experience applies equally to all skills.


Message History

The hobgoblin hits you but does no damage.
Aiming: Magic Dart (safe; 3% risk of failure)
Press: ? - help, Q - select action Shift-Dir - straight line, f/p - Ijyb
Aim: Ijyb, wielding a +4 club, wearing a +0 chain mail and carrying a wand of paralysis (5) (moderately wounded, 100% to hit)
The magic dart hits Ijyb but does no damage.
Ijyb is moderately wounded.
The hobgoblin hits you.
Ijyb zaps a wand.
You suddenly lose the ability to move!
The hobgoblin hits you.
Ijyb zaps a wand.
You resist with some effort. Ijyb hits you with a +4 club.
The hobgoblin hits you.
* * * LOW HITPOINT WARNING * * *
The hobgoblin hits you.
* * * LOW HITPOINT WARNING * * *
Ijyb grins evilly.
Ijyb hits you with a +4 club.
* * * LOW HITPOINT WARNING * * *
You can move again.
Aiming: Magic Dart (safe; 3% risk of failure)
Press: ? - help, Q - select action Shift-Dir - straight line, f/p - Ijyb
Aim: Ijyb, wielding a +4 club, wearing a +0 chain mail and carrying a wand of paralysis (3) (moderately wounded, 100% to hit)
The magic dart hits Ijyb but does no damage.
Ijyb is moderately wounded.
The hobgoblin barely misses you.
Ijyb zaps a wand.
You shrug off the repeated paralysis!
You closely miss Ijyb. Your bite misses Ijyb.
Ijyb is moderately wounded.
You hit Ijyb but do no damage. You bite Ijyb, but do no damage.
Ijyb is moderately wounded.
Ijyb closely misses you. The hobgoblin barely misses you.
You hit Ijyb.
Ijyb is moderately wounded.
Ijyb hits you with a +4 club.
* * * LOW HITPOINT WARNING * * *
The hobgoblin hits you but does no damage.
You hit Ijyb.
Ijyb is moderately wounded.
You hit Ijyb but do no damage.
Ijyb is moderately wounded.
Ijyb hits you with a +4 club.
You die...

. ∆ #. ..# .##.######
#†# .........# #.#
.........# #.#
..?......###.#
.............#
...?...##g##.####
######.#.g@.....# #
..##>...#..##.#
#.##.......#..##.#
#.......####..##.#
#.######<......#.....#
#.........#..#.#....##
#####............#.#
#..####.#..#.#.#
#.......#....#<###


You could see Ijyb and a hobgoblin.

Vanquished Creatures
  4 adders
  A dart slug (D:1)
  3 ball pythons
  2 bats (D:2)
  3 endoplasms
  A giant cockroach (D:1)
  6 goblins
  2 hobgoblins (D:1)
  9 jackals
  6 kobolds
  2 quokkas
  A frilled lizard (D:1)
  A rat (D:2)
41 creatures vanquished.

Notes
Turn   | Place    | Note
-------+----------+-------------------------------------------
     0 | D:1      | jimonade the Gnoll Hedge Wizard began the quest for the
                  | Orb.
     0 | D:1      | Reached XP level 1. HP: 13/13 MP: 8/8
   304 | D:1      | Reached XP level 2. HP: 11/19 MP: 6/10
   696 | D:1      | Found a faded altar of an unknown god.
   852 | D:1      | Reached XP level 3. HP: 25/25 MP: 7/11
  1159 | D:2      | Reached skill level 1 in Invocations
  1209 | D:2      | Reached skill level 1 in Fighting
  1209 | D:2      | Reached skill level 1 in Short Blades
  1209 | D:2      | Reached skill level 1 in Long Blades
  1209 | D:2      | Reached skill level 1 in Axes
  1209 | D:2      | Reached skill level 1 in Maces & Flails
  1209 | D:2      | Reached skill level 1 in Polearms
  1209 | D:2      | Reached skill level 1 in Staves
  1209 | D:2      | Reached skill level 1 in Ranged Weapons
  1209 | D:2      | Reached skill level 1 in Throwing
  1209 | D:2      | Reached skill level 1 in Armour
  1209 | D:2      | Reached skill level 1 in Shields
  1209 | D:2      | Reached skill level 1 in Unarmed Combat
  1209 | D:2      | Reached skill level 1 in Evocations
  1412 | D:2      | Reached XP level 4. HP: 21/32 MP: 5/13
  2421 | D:3      | Reached skill level 1 in Hexes
  2421 | D:3      | Reached skill level 1 in Necromancy
  2421 | D:3      | Reached skill level 1 in Transmutations
  2421 | D:3      | Reached skill level 1 in Fire Magic
  2421 | D:3      | Reached skill level 1 in Ice Magic
  2421 | D:3      | Reached skill level 1 in Air Magic
  2421 | D:3      | Reached skill level 1 in Earth Magic
  2421 | D:3      | Reached skill level 1 in Poison Magic
  2523 | D:3      | Noticed Ijyb
  2534 | D:3      | Paralysed by Ijyb for 3 turns
  2542 | D:3      | Paralysed by Ijyb for 4 turns
  2549 | D:3      | HP: 1/32 [Ijyb/+4 club (1)]
  2551 | D:3      | Slain by Ijyb

Illustrated notes

Levels and vault maps discovered:
D:1:      ebering_trefoil_3fold, layout_basic, basic_ecumenical_altar
D:2:      layout_basic
D:3:      layout_basic, gammafunk_ghost_mausoleum, uniq_ijyb

Skill      XL: |  1  2  3  4 |
---------------+-------------+-----
Conjurations   | 2 |  2.2
Summonings     | 2 |  2.2
Translocations | 2 |  2.2
Invocations    | 1 |  1.3
Fighting       | 1 |  1.2
Short Blades   | 1 |  1.2
Long Blades    | 1 |  1.2
Axes           | 1 |  1.2
Maces & Flails | 1 |  1.2
Polearms       | 1 |  1.2
Staves         | 1 |  1.2
Ranged Weapons | 1 |  1.2
Throwing       | 1 |  1.2
Armour         | 1 |  1.2
Shields        | 1 |  1.2
Unarmed Combat | 1 |  1.2
Evocations     | 1 |  1.2
Hexes          | 1 |  1.0
Necromancy     | 1 |  1.0
Transmutations | 1 |  1.0
Fire Magic     | 1 |  1.0
Ice Magic      | 1 |  1.0
Air Magic      | 1 |  1.0
Earth Magic    | 1 |  1.0
Poison Magic   | 1 |  1.0
Dodging        | |  4.6
Stealth        | |  4.3
Spellcasting   | |  7.2

Action                   |  1- 3 |  4- 6 || total
-------------------------+-------+-------++-------
Melee: Dagger            |    11 |    26 ||    37
       Bite              |     1 |     1 ||     2
 Fire: Sling             |       |     3 ||     3
 Cast: Magic Dart        |    77 |    45 ||   122
Armor: Leather armour    |    19 |    12 ||    31
Dodge: Dodged            |    30 |    26 ||    56

Table legend: (Time is in decaauts)
 A = Elapsed time spent in this place.
 B = Non-inter-level travel time spent in this place.
 C = Inter-level travel time spent in this place.
 D = Time resting spent in this place.
 E = Time spent auto-exploring this place.
 F = Levels seen in this place.
 G = Mean time per level.
                   A        B        C        D        E       F      G
               +--------+--------+--------+--------+--------+-----+--------+
         Total |   2539 |   2466 |     73 |      0 |   2079 |   3 |  846.3 |
       Dungeon |   2539 |   2466 |     73 |      0 |   2079 |   3 |  846.3 |
               +--------+--------+--------+--------+--------+-----+--------+

Top non-repeatable levels by time:
     D:2: 1386 daAuts
     D:1: 1007 daAuts
     D:3: 145 daAuts
